 Dungeon Crawl Stone Soup version 0.30-a0-777-ga9a30cbeda (webtiles) character file.

Game seed: 17303396710512783027

4406 Heoruswealwe the Protected (level 10, 0/90 HPs)
             Began as a Minotaur Fighter on Feb 14, 2023.
             Was a High Priest of Okawaru.
             Slain by a nine-headed hydra (4 damage)
             ... on level 8 of the Dungeon.
             The game lasted 02:29:37 (10130 turns).

Heoruswealwe the Protected (Minotaur Fighter)      Turns: 10130, Time: 02:29:38

Health: 0/90       AC: 16    Str: 25    XL:     10   Next: 14%
Magic:  12/12      EV: 17    Int:  5    God:    Okawaru [*****.]
Gold:   512        SH:  6    Dex: 10    Spells: 9/9 levels left

rFire   . . .      SeeInvis .    a - +0 war axe
rCold   . . .      Faith    .    c - +0 buckler
rNeg    . . .      Spirit   .    q - +0 plate armour
rPois   .          Reflect  .    (helmet restricted)
rElec   .          Harm     .    F - +0 cloak
rCorr   .          Rampage  .    (no gloves)
Will    +....                    e - +0 pair of boots Stlth
                                 (no amulet)
HPRegen 1.15/turn                W - +5 ring of evasion
MPRegen 0.13/turn                r - +5 ring of evasion

@: mighty
A: horns 2, retaliatory headbutt, strong-willed 1, regeneration 1
a: Renounce Religion, Heroism, Finesse, Duel


You were on level 8 of the Dungeon.
You worshipped Okawaru.
Okawaru was extremely pleased with you.
You visited 2 branches of the dungeon, and saw 9 of its levels.
You also visited: Sewer.

You collected 512 gold pieces.

Inventory:

Hand Weapons
 a - a +0 war axe (weapon)
 i - a +0 trident
 t - a +2 whip of freezing
 v - the +1 sling "Yfapsux" {speed, Str+5}
   (You found it on level 8 of the Dungeon)

   Str:       It affects your strength (+5).
Missiles
 f - 2 stones (quivered)
Armour
 c - a +0 buckler (worn)
 e - a +0 pair of boots (worn)
 h - a +0 scale mail
 j - +0 steam dragon scales
 l - a +0 ring mail
 q - a +0 plate armour (worn)
 u - a +0 robe
 F - a +0 cloak (worn)
Jewellery
 g - a ring of protection from cold
 r - a +5 ring of evasion (right hand)
 W - a +5 ring of evasion (left hand)
Wands
 k - a wand of quicksilver (7)
 z - a wand of polymorph (16)
 K - a wand of roots (3)
 X - a wand of flame (19)
Scrolls
 b - a scroll of amnesia {unknown}
 n - 3 scrolls of enchant weapon
 p - a scroll of vulnerability
 s - 2 scrolls of noise
 G - 3 scrolls of fear
 H - a scroll of magic mapping
 J - 2 scrolls of identify
 V - 2 scrolls of poison
Potions
 d - 2 potions of might
 m - 3 potions of flight
 o - a potion of mutation
 w - 5 potions of curing
 A - 5 potions of berserk rage
 B - a potion of cancellation
 P - a potion of resistance
 U - 2 potions of magic


   Skills:
 * Level 8.7 Fighting
 * Level 8.4 Axes
 * Level 8.8 Armour
 * Level 8.8 Shields
 + Level 4.4 Invocations
 + Level 4.0 Evocations


You had 9 spell levels left.
You didn't know any spells.
Your spell library contained the following spells:

 Spells                   Type           Power      Damage    Failure   Level
 Lesser Beckoning         Tloc           0%         N/A       100%        2
 Sublimation of Blood     Necr           0%         N/A       100%        2
 Wereblood                Tmut           0%         N/A       100%        2
 Gell's Gravitas          Tloc           0%         N/A       100%        3
 Ignite Poison            Fire/Tmut/Pois 0%         N/A       100%        3
 Kindle Blastsparks       Fire/Tloc/Air  0%         2d10      100%        3
 Teleport Other           Tloc           0%         N/A       100%        3
 Borgnjor's Vile Clutch   Necr/Erth      0%         N/A       100%        5
 Freezing Cloud           Conj/Ice/Air   0%         6-21      100%        5
 Dispersal                Tloc           0%         N/A       100%        6
 Animate Dead             Necr           Unusable   N/A       N/A         4
 Death Channel            Necr           Unusable   N/A       N/A         6
 Summon Hydra             Summ           Unusable   N/A       N/A         7

Dungeon Overview and Level Annotations

Branches:
Dungeon (8/15)             Temple (1/1) D:7           Sewer (visited)
   Lair: D:8-11

Altars:
Ashenzari
Cheibriados
Elyvilon
Fedhas
Gozag
Hepliaklqana
Kikubaaqudgha
Makhleb
Nemelex Xobeh
Okawaru
Qazlal
Ru
Sif Muna
Trog
Uskayaw
Wu Jian
Yredelemnul
Zin


Innate Abilities, Weirdness & Mutations

You have a pair of horns on your head.
You reflexively headbutt those who attack you in melee.
You are strong-willed. (Will+)
Your natural rate of healing is unusually fast.


Message History

The nine-headed hydra is moderately wounded.
The nine-headed hydra misses you. x3; The nine-headed hydra bites you.
The nine-headed hydra bites you but does no damage. x2
The nine-headed hydra bites you!
* * * LOW HITPOINT WARNING * * *
The nine-headed hydra bites you!
* * * LOW HITPOINT WARNING * * *
The nine-headed hydra misses you.
You feel much better.
The nine-headed hydra bites you but does no damage.
The nine-headed hydra barely misses you.
The nine-headed hydra misses you. The nine-headed hydra bites you!
* * * LOW HITPOINT WARNING * * *
You block the nine-headed hydra's attack.
The nine-headed hydra bites you but does no damage. x2
The nine-headed hydra barely misses you.
The nine-headed hydra misses you.
You feel better.
You block the nine-headed hydra's attack.
The nine-headed hydra bites you!
* * * LOW HITPOINT WARNING * * *
The nine-headed hydra completely misses you.
You block the nine-headed hydra's attack.
The nine-headed hydra closely misses you.
The nine-headed hydra bites you but does no damage.
You block the nine-headed hydra's attack.
The nine-headed hydra bites you.
* * * LOW HITPOINT WARNING * * *
The nine-headed hydra bites you but does no damage.
Okay, then.
You feel very mighty all of a sudden.
The nine-headed hydra bites you but does no damage.
The nine-headed hydra closely misses you.
The nine-headed hydra barely misses you.
The nine-headed hydra bites you!
* * * LOW HITPOINT WARNING * * *
The nine-headed hydra bites you.
* * * LOW HITPOINT WARNING * * *
The nine-headed hydra bites you.
You die...

......#.....#............#.....#.
.....>#.....#............#.....#.
#####'#.....#.##....#######....#.
........##'#####....##...##....#.
.#.#.#.##............#...####'##.
........#............#...#.......
.#.#.#.#'............#...#†......
.<......#............#...'.......
.#.#.#.###...###@#####...#.......
#.......##...# #D.####...#.......
##.#.#.##....# ...#......#.....##
########....#....#......#.....#.
#....#....#......#.....#.
#....#....#......#.....#.
##################.....## #######


You could see a nine-headed hydra.

Vanquished Creatures
  The ghost of Ignak the Fighter, a novice OgWr of Okawaru (D:7)
  Pikel (D:8)
  Sigmund (D:2)
  The ghost of Viceroy the Covered, an amateur AtFi (D:4)
  A steam dragon (D:8)
  An acid dragon (D:8)
  2 black bears
  A sky beast (D:8)
  Pargi (Sewer)
  An ice beast (D:6)
  An orc warrior (D:8)
  5 ogres
  A centaur (D:6)
  3 lemures (D:8)
  2 phantoms
  2 necrophages
  A scorpion (D:7)
  4 bullfrogs
  A water moccasin zombie (D:4)
  2 wights (D:8)
  2 killer bees (D:8)
  A howler monkey (D:8)
  4 hounds
  2 jellies
  4 orc priests
  A gnoll bouda (D:8)
  Jessica (D:3)
  4 iguanas
  7 orc wizards
  Natasha (thrice) (D:3)
  Robin (D:3)
  8 adders
  4 shadow imps
  3 ufetubi (D:5)
  2 worms
  A dart slug (D:3)
  15 orcs
  4 bats
  8 endoplasms
  7 giant cockroaches
  14 goblins
  10 hobgoblins
  7 jackals
  8 quokkas
  7 ball pythons
  3 frilled lizards
  8 kobolds
  A quokka zombie (D:4)
  6 rats
179 creatures vanquished.

Notes
Turn   | Place    | Note
-------+----------+-------------------------------------------
     0 | D:1      | Heoruswealwe the Minotaur Fighter began the quest for the
                  | Orb.
     0 | D:1      | Reached XP level 1. HP: 19/19 MP: 0/0
   418 | D:1      | Reached XP level 2. HP: 26/27 MP: 1/1
   743 | D:1      | Gained mutation: You are covered in fur. (AC +1) [potion of
                  | mutation]
   743 | D:1      | Gained mutation: You occasionally lose the ability to read
                  | scrolls when taking damage. [potion of mutation]
   743 | D:1      | Gained mutation: You are resistant to electric shocks.
                  | (rElec) [potion of mutation]
   744 | D:1      | Lost mutation: You are resistant to electric shocks.
                  | (rElec) [potion of mutation]
   744 | D:1      | Lost mutation: You occasionally lose the ability to read
                  | scrolls when taking damage. [potion of mutation]
   744 | D:1      | Lost mutation: You are covered in fur. (AC +1) [potion of
                  | mutation]
   744 | D:1      | Gained mutation: You occasionally lose the ability to read
                  | scrolls when taking damage. [potion of mutation]
   744 | D:1      | Gained mutation: You are partially covered in iridescent
                  | scales. (AC +2) [potion of mutation]
   744 | D:1      | Gained mutation: You have large cloven feet. [potion of
                  | mutation]
   992 | D:1      | You fall into a shaft and drop 1 floor!
  1251 | D:2      | Reached XP level 3. HP: 33/33 MP: 2/2
  1462 | D:2      | Noticed Sigmund
  1471 | D:2      | Killed Sigmund
  1472 | D:2      | Reached skill level 1 in Invocations
  1472 | D:2      | Reached skill level 1 in Evocations
  1472 | D:2      | Reached XP level 4. HP: 25/41 MP: 3/3
  1472 | D:2      | Reached XP level 5. HP: 29/47 MP: 4/4
  1573 | D:2      | Found a faded altar of an unknown god.
  1619 | D:2      | Prayed at the altar of an unknown god.
  1619 | D:2      | Became a worshipper of Warmaster Okawaru
  1619 | D:2      | Reached * piety under Okawaru
  1833 | D:3      | Noticed a phantom
  1840 | D:3      | Killed a phantom
  1841 | D:3      | Reached XP level 6. HP: 53/55 MP: 6/6
  2062 | D:3      | Noticed Robin
  2095 | D:3      | Killed Robin
  2096 | D:3      | Reached skill level 5 in Armour
  2096 | D:3      | Reached skill level 5 in Shields
  2241 | D:3      | Noticed Jessica
  2249 | D:3      | Killed Jessica
  2250 | D:3      | Reached skill level 5 in Fighting
  2536 | D:3      | Noticed Natasha
  2541 | D:3      | Killed Natasha
  3000 | D:3      | Noticed Natasha
  3008 | D:3      | Killed Natasha
  3235 | D:3      | Noticed Natasha
  3243 | D:3      | Killed Natasha
  3689 | D:4      | Reached XP level 7. HP: 41/61 MP: 7/7
  4040 | D:4      | Found a runed translucent gate.
  4040 | D:4      | Noticed Viceroy's ghost (amateur AtFi)
  4041 | D:4      | Found a runed translucent gate.
  4041 | D:4      | Found a runed translucent gate.
  4043 | D:4      | Found a basalt altar of Yredelemnul.
  4053 | D:4      | Reached ** piety under Okawaru
  4077 | D:4      | Killed Viceroy's ghost
  4078 | D:4      | Reached skill level 5 in Axes
  4383 | D:5      | Entered Level 5 of the Dungeon
  4457 | D:5      | Reached XP level 8. HP: 66/70 MP: 8/8
  4633 | D:5      | Found a glowing drain.
  4679 | Sewer    | Entered a sewer
  4802 | Sewer    | Noticed Pargi
  4813 | Sewer    | Killed Pargi
  4879 | Sewer    | Lost mutation: You are partially covered in iridescent
                  | scales. (AC +2) [potion of mutation]
  4879 | Sewer    | Lost mutation: You have large cloven feet. [potion of
                  | mutation]
  4879 | Sewer    | Lost mutation: You occasionally lose the ability to read
                  | scrolls when taking damage. [potion of mutation]
  4879 | Sewer    | Gained mutation: Your natural rate of healing is unusually
                  | fast. [potion of mutation]
  4879 | Sewer    | Gained mutation: You are strong-willed. (Will+) [potion of
                  | mutation]
  6076 | D:6      | Reached *** piety under Okawaru
  6305 | D:6      | Found a glowing silver altar of Zin.
  7536 | D:7      | Noticed Ignak's ghost (novice OgWr)
  7536 | D:7      | Found a transporter.
  7536 | D:7      | Found a transporter.
  7539 | D:7      | Identified the +5 giant club "Jaetomoi" {freeze, rPois rF-
                  | rN+ Int+2}
  7662 | D:7      | Found a blossoming altar of Fedhas.
  7720 | D:7      | Received a gift from Okawaru
  7784 | D:7      | Reached XP level 9. HP: 76/79 MP: 10/10
  7842 | D:7      | Found an ornate altar of the Wu Jian Council.
  7885 | D:7      | Found a staircase to the Ecumenical Temple.
  8010 | Temple   | Entered the Ecumenical Temple
  8209 | D:7      | Killed Ignak's ghost
  8209 | D:7      | Reached **** piety under Okawaru
  8961 | D:8      | Found an iron altar of Okawaru.
  9772 | D:8      | Reached ***** piety under Okawaru
  9773 | D:8      | Reached XP level 10. HP: 55/90 MP: 12/12
  9988 | D:8      | Noticed Pikel
 10003 | D:8      | Killed Pikel
 10019 | D:8      | Identified the +1 sling "Yfapsux" {speed, Str+5}
 10119 | D:8      | Noticed a six-headed hydra
 10130 | D:8      | HP: 4/90 [nine-headed hydra (2)]
 10130 | D:8      | Slain by a nine-headed hydra

Illustrated notes

Levels and vault maps discovered:
D:1:      eino_arrival_cavern_d, layout_loops_cross
D:2:      layout_loops_corners, hellmonk_ecumenical_altar_pennies_from_heaven,
          uniq_sigmund
D:3:      layout_basic, uniq_natasha, uniq_robin, uniq_jessica
D:4:      minmay_wonky_spiral, layout_cave_pools,
          nicolae_yredelemnul_ghost_church
D:5:      layout_loops_ring, gup_sewer_entry_pipe, chequers_avenue,
          chequers_hall_statues_y, eino_tiny_chamber
D:6:      layout_layer_cave, mainiacjoe_overflow_alcove_2, chequers_garden,
          chequers_serial_rivers_micro_c
D:7:      layout_loops_cross, kennysheep_little_box, general_overflow_altar,
          minmay_temple_entry_glassed_door, gammafunk_ghost_smash, fountainhead,
          hangedman_abyss_or_decor_stagger
D:8:      layout_gridville, st_stairs_8, grunt_ministairs_1,
          minmay_misc_feat_ornament, minmay_ruined_shrine, uniq_pikel
Temple:   eino_temple_lava

Skill      XL: |  1  2  3  4  5  6  7  8  9 10 |
---------------+-------------------------------+-----
Shields        | 4 5 6 7 8 |  8.8
Armour         | 4 5 6 7 8 |  8.8
Fighting       | 4 5 6 7 8 |  8.7
Axes           | 3 4 5 6 8 |  8.4
Invocations    | 1 2 3 4 |  4.4
Evocations     | 1 2 3 4 |  4.0

Action                     |  1- 3 |  4- 6 |  7- 9 | 10-12 || total
---------------------------+-------+-------+-------+-------++-------
  Melee: War axe           |    54 |    93 |   286 |    19 ||   452
         Headbutt          |     7 |    20 |    60 |     4 ||    91
         Kick              |     4 |    19 |    35 |       ||    58
    Use: Scroll            |     4 |     4 |    13 |       ||    21
         Potion            |     3 |     4 |     5 |     3 ||    15
 Armour: Scale mail        |    24 |    42 |     5 |       ||    71
         Plate armour      |       |       |   116 |    26 ||   142
  Dodge: Dodged            |    28 |    24 |   184 |    42 ||   278
  Block: Buckler           |     7 |    21 |    84 |    17 ||   129

Table legend: (Time is in decaauts)
 A = Elapsed time spent in this place.
 B = Non-inter-level travel time spent in this place.
 C = Inter-level travel time spent in this place.
 D = Time resting spent in this place.
 E = Time spent auto-exploring this place.
 F = Levels seen in this place.
 G = Mean time per level.
                   A        B        C        D        E       F      G
               +--------+--------+--------+--------+--------+-----+--------+
         Total |  10326 |   8993 |   1333 |    252 |     18 |  10 | 1032.6 |
       Dungeon |   9987 |   8654 |   1333 |    252 |     18 |   8 | 1248.4 |
        Temple |     88 |     88 |      0 |      0 |      0 |   1 |   88.0 |
         Sewer |    250 |    250 |      0 |      0 |      0 |   1 |  250.0 |
               +--------+--------+--------+--------+--------+-----+--------+

Top non-repeatable levels by time:
     D:3: 2211 daAuts
     D:6: 1472 daAuts
     D:2: 1230 daAuts
     D:5: 1208 daAuts
     D:7: 1143 daAuts
     D:8: 1059 daAuts
     D:1: 851 daAuts
     D:4: 809 daAuts
   Sewer: 250 daAuts
  Temple: 88 daAuts
